 Dungeon Crawl Stone Soup version 0.29-a0-330-g52719c12eb (webtiles) character file.

Game seed: 2818866150132597031

37 kae the Firebug (level 3, -1/25 (26) HPs)
             Began as a Demigod Fire Elementalist on May 19, 2022.
             Slain by Crazy Yiuf
             ... wielding a +3 quarterstaff of chaos
              (8 damage)
             ... on level 2 of the Dungeon.
             The game lasted 00:01:29 (2215 turns).

kae the Firebug (Demigod Fire Elementalist)         Turns: 2215, Time: 00:01:30

HP:   -1/25 (26)    AC:  5    Str: 11    XL:     3   Next: 8%
MP:   8/8           EV: 11    Int: 21    God:
Gold: 142           SH:  3    Dex: 14    Spells: 0/6 levels left

rFire   . . .      SeeInvis .   (no weapon)
rCold   . . .      Faith    .   i - +0 buckler
rNeg    . . .      Spirit   .   a - +0 robe
rPois   .          Reflect  .   f - +0 hat
rElec   .          Harm     .   (no cloak)
rCorr   .          Rampage  .   d - +2 pair of gloves {Stlth+}
Will    .....      Rnd*Tele +   (no boots)
Stlth   +++.......              (no amulet)
HPRegen 0.08/turn               (no ring)
MPRegen 0.11/turn               (no ring)

@: about to teleport, lightly drained
A: high MP 1, forlorn, divine attributes, strong 1, teleportitis 1, MP-powered
wands
a: no special abilities


You were on level 2 of the Dungeon.
You visited 1 branch of the dungeon, and saw 2 of its levels.

You collected 142 gold pieces.

Inventory:

Armour
 a - a +0 robe (worn)
 d - a +2 pair of gloves of stealth (worn)
 f - a +0 hat (worn)
 i - a +0 buckler (worn)
Wands
 l - a wand of polymorph (4)
Potions
 b - a potion of magic
 g - a potion of flight
 h - 2 potions of curing
 m - a potion of haste {unknown}
 n - a potion of brilliance {unknown}


   Skills:
 - Level 1.7 Dodging
 - Level 1.7 Stealth
 + Level 2.1 Spellcasting
 * Level 1.9 Conjurations
 * Level 3.2 Fire Magic


You couldn't memorise any spells.
You knew the following spells:

 Your Spells              Type           Power      Damage    Failure   Level
a - Foxfire               Conj/Fire      52%        2x1d6     7%          1
b - Scorch                Fire           30%        2d7       8%          2
c - Conjure Flame         Conj/Fire      13%        6-21      21%         3

Your spell library contained the following spells:

 Spells                   Type           Power      Damage    Failure   Level
 Inner Flame              Hex/Fire       9%         N/A       30%         3
 Flame Wave               Conj/Fire      13%        2d6       56%         4


Dungeon Overview and Level Annotations

Branches:
Dungeon (2/15)

Annotations:
D:2 Crazy Yiuf


Innate Abilities, Weirdness & Mutations

You have an increased reservoir of magic. (+10% MP)
You shall have no god before yourself.
Your divine heritage dramatically boosts your attributes as you level up.
Your muscles are strong. (Str +2)
You are occasionally teleported next to monsters.
You expend magic power (3 MP) to strengthen your wands.


Message History

The foxfire hits the hobgoblin.
The hobgoblin is severely wounded.
A hobgoblin is nearby!
A hobgoblin is nearby!
Casting: Foxfire (safe; 7% risk of failure)
Confirm with . or Enter, or press ? or * to list all spells.
You conjure some foxfire!
The foxfire hits the hobgoblin.
You kill the hobgoblin!
Your foxfire dissipates!
Your foxfire dissipates!
Found a mace.
Found a runed translucent door.
Crazy Yiuf shouts!
Key pressed, stopping explore.
Casting: Foxfire (safe; 7% risk of failure)
Confirm with . or Enter, or press ? or * to list all spells.
You conjure some foxfire!
Your foxfire dissipates!
Your foxfire dissipates!
Could not explore, unopened runed door.
As you read the scroll labelled VUT UTOXTAUTS, it crumbles to dust.
You feel aware of your surroundings.
It was a scroll of magic mapping.
You open the door.
Okay, then.
Crazy Yiuf attacks as you move away!
Crazy Yiuf hits you with a +3 quarterstaff of chaos!
You feel drained.
Okay, then.
As you read the scroll of teleportation, it crumbles to dust.
You feel strangely unstable. You block Crazy Yiuf's attack.
Crazy Yiuf attacks as you move away!
Crazy Yiuf hits you with a +3 quarterstaff of chaos!
* * * LOW HITPOINT WARNING * * *
You are lethally poisoned!
* * * LOW HITPOINT WARNING * * *
You feel very sick.
* * * LOW HITPOINT WARNING * * *
You feel sick.
You feel better.
Crazy Yiuf hits you with a +3 quarterstaff of chaos!
You die...

#.## #.#.#...##
#.# #........##
#.#######.#.....##
.........####....#
########## #....#
♣....♣ ######
♣♣...♣ .....#
♣♣.♣♣ ####.# ♣♣@♣
#.##### ♣g♣♣
#.....# ♣♣.♣
####### ♣.♣♣ *#'#*
*...* #...# #)..#
#####


You could see Crazy Yiuf.

Vanquished Creatures
  An adder (D:2)
  A worm (D:2)
  A dart slug (D:2)
  5 bats
  2 giant cockroaches
  A goblin (D:1)
  4 hobgoblins
  4 ball pythons
  A kobold (D:1)
  3 rats
23 creatures vanquished.

Vanquished Creatures (others)
  103 foxfires
103 creatures vanquished.

Grand Total: 126 creatures vanquished

Notes
Turn   | Place    | Note
-------+----------+-------------------------------------------
     0 | D:1      | kae the Demigod Fire Elementalist began the quest for the
                  | Orb.
     0 | D:1      | Reached XP level 1. HP: 14/14 MP: 5/5
    24 | D:1      | Reached skill level 1 in Conjurations
   721 | D:1      | Reached skill level 3 in Fire Magic
   721 | D:1      | Reached XP level 2. HP: 20/20 MP: 4/7
   730 | D:1      | Learned a level 2 spell: Scorch
  1301 | D:2      | Gained mutation: You are occasionally teleported next to
                  | monsters. [potion of mutation]
  1301 | D:2      | Gained mutation: You expend magic power (3 MP) to
                  | strengthen your wands. [potion of mutation]
  1301 | D:2      | Gained mutation: Your muscles are strong. (Str +2) [potion
                  | of mutation]
  1601 | D:2      | Reached XP level 3. HP: 22/26 MP: 0/8
  1855 | D:2      | Learned a level 3 spell: Conjure Flame
  2124 | D:2      | Found a runed translucent door.
  2125 | D:2      | Noticed Crazy Yiuf
  2215 | D:2      | Slain by Crazy Yiuf

Illustrated notes

Levels and vault maps discovered:
D:1:      heliophobic_arrival_battle_scene, layout_loops_ring
D:2:      layout_loops_ring, uniq_crazy_yiuf_cottage

Skill      XL: |  1  2 |
---------------+-------+-----
Conjurations   | 1 |  1.9
Fire Magic     | 3 |  3.2
Spellcasting   | 2 |  2.1
Dodging        | |  1.7
Stealth        | |  1.7

Action                   || total
-------------------------++-------
Melee: Unarmed           ||     1
 Cast: Foxfire           ||    61
       Scorch            ||     2
  Use: Scroll            ||     6
       Potion            ||     2
Armor: Robe              ||    11
Dodge: Dodged            ||    11
Block: Buckler           ||     2

Table legend: (Time is in decaauts)
 A = Elapsed time spent in this place.
 B = Non-inter-level travel time spent in this place.
 C = Inter-level travel time spent in this place.
 D = Time resting spent in this place.
 E = Time spent auto-exploring this place.
 F = Levels seen in this place.
 G = Mean time per level.
                   A        B        C        D        E       F      G
               +--------+--------+--------+--------+--------+-----+--------+
         Total |   2215 |   2177 |     38 |    234 |   1615 |   2 | 1107.5 |
       Dungeon |   2215 |   2177 |     38 |    234 |   1615 |   2 | 1107.5 |
               +--------+--------+--------+--------+--------+-----+--------+

Top non-repeatable levels by time:
     D:1: 1242 daAuts
     D:2: 973 daAuts
